[Event "45th FIDE Olympiad 2024"]
[Site "Budapest"]
[Date "2024.09.13"]
[Round "3"]
[White "Arnold, Smith"]
[Black "Van Hoolandt, Patrick"]
[Result "0-1"]
[ECO "C65"]
[WhiteElo "1915"]
[BlackElo "2036"]
[Annotator "NA RC"]
[PlyCount "98"]
[EventDate "2024.09.05"]
[EventType "team-tourn"]
[EventCountry "HUN"]
[SourceTitle "playchess.com"]
[Source "ChessBase"]
[SourceQuality "1"]
[TimeControl "40/5400+30:1800+30"]

1. e4 e5 2. Nf3 Nc6 3. Bb5 Nf6 4. d3 Bc5 5. O-O Nd4 6. Nxd4 Bxd4 7. c3 Bb6 8. Bg5 h6 9. Bh4 c6 10. Bc4 d6 11. Nd2 g5 12. Bg3 h5 13. h3 h4 14. Bh2 g4 15. hxg4 Bxg4 16. Qb3 Qe7 17. a4 Rg8 18. Kh1 Be2 19. Rfe1 Bh5 20. Rf1 Ng4 21. a5 Nxf2+ 22. Rxf2 Bxf2 23. Rf1 Be3 24. Nf3 O-O-O 25. Qc2 a6 26. Qe2 Ba7 27. d4 exd4 28. cxd4 Bxd4 29. Qd3 Ba7 30. b4 Rg3 31. e5 Bg6 32. exd6 Rxd6 33. Qc3 Bd4 34. Qc1 Be3 35. Qc3 Bd4 36. Qc1 Be3 37. Qc3 Bd2 38. Qh8+ Rd8 39. Qxh4 Qxh4 40. Nxh4 Rg4 41. Nxg6 Rxc4 42. Ne5 Rc1 43. Rxc1 Bxc1 44. Kg1 f6 45. Nc4 Rd4 46. Nd6+ Kd7 47. Nxb7 Be3+ 48. Kf1 Rxb4 49. Nd6 Bf4 0-1

[Event "45th FIDE Olympiad 2024"]
[Site "Budapest"]
[Date "2024.09.13"]
[Round "3.1"]
[White "Cheparinov, Ivan"]
[Black "Caruana, Fabiano"]
[Result "0-1"]
[ECO "B30"]
[WhiteElo "2628"]
[BlackElo "2798"]
[Annotator "RC"]
[PlyCount "140"]
[EventDate "2024.09.05"]
[EventType "team-tourn"]
[EventCountry "HUN"]
[SourceTitle "playchess.com"]
[Source "ChessBase"]
[SourceQuality "1"]
[WhiteTeam "Bulgaria"]
[BlackTeam "United States of America"]
[WhiteTeamCountry "BUL"]
[TimeControl "40/5400+30:1800+30"]

1. e4 c5 2. Nf3 Nc6 3. Bb5 e6 4. O-O Nge7 5. Re1 Nd4 6. Nxd4 cxd4 7. c3 a6 8. Bf1 Nc6 9. b4 Bd6 10. Bb2 dxc3 11. dxc3 Qc7 12. h3 O-O 13. Nd2 b6 14. a3 Bb7 15. c4 Bh2+ 16. Kh1 Be5 17. Qb3 Bxb2 18. Qxb2 a5 19. Kg1 axb4 20. axb4 Ne5 21. Qd4 h6 22. Rec1 Nc6 23. Qc3 Rxa1 24. Rxa1 Rc8 25. Qb2 d6 26. Nf3 Nd8 27. Nd2 e5 28. Be2 Rb8 29. Ra3 Ne6 30. Bf1 Nd4 31. f3 Bc8 32. Nb3 Nc6 33. Na1 Be6 34. Nc2 h5 35. Kh1 h4 36. Qc3 Ne7 37. Ne3 Ng6 38. Qa1 Qd8 39. Qe1 Nf4 40. Qf2 Qg5 41. Ra1 Nh5 42. Bd3 g6 43. Kh2 Kg7 44. Bf1 Rc8 45. b5 Qd8 46. Kg1 Nf4 47. Ra7 Rb8 48. Kh2 Nh5 49. Bd3 Qg5 50. Bf1 Qg3+ 51. Kg1 Nf4 52. Qxg3 hxg3 53. Nd1 Rc8 54. Nb2 Rb8 55. Na4 Bc8 56. Nc3 Kf6 57. Na4 Kg7 58. Nc3 Be6 59. Na4 Kh6 60. Ra6 Bc8 61. Ra7 f5 62. Nc3 Kg5 63. exf5 Bxf5 64. Ra6 Kh4 65. Na4 Bc8 66. Ra7 Kg5 67. Nc3 Bb7 68. Be2 d5 69. cxd5 Rc8 70. Ne4+ Kh4 0-1

[Event "45th FIDE Olympiad 2024"]
[Site "Budapest"]
[Date "2024.09.13"]
[Round "3.1"]
[White "Susilodinata, Andrean"]
[Black "Ndahangwapo, Heskiel"]
[Result "1-0"]
[ECO "D00"]
[WhiteElo "2393"]
[BlackElo "2011"]
[Annotator "RC"]
[PlyCount "45"]
[EventDate "2024.09.05"]
[EventType "team-tourn"]
[EventCountry "HUN"]
[SourceTitle "playchess.com"]
[Source "ChessBase"]
[SourceQuality "1"]
[WhiteTeam "Indonesia"]
[BlackTeam "Namibia"]
[WhiteTeamCountry "INA"]
[BlackTeamCountry "NAM"]
[TimeControl "40/5400+30:1800+30"]

1. d4 Nf6 2. Nc3 d5 3. Bf4 c6 4. e3 e6 5. Nf3 Bd6 6. Ne5 O-O 7. Bd3 c5 8. dxc5 Bxc5 9. O-O b6 10. Qf3 Bb7 11. Qh3 Be7 12. Rad1 Na6 13. Bg5 g6 14. Bxa6 Bxa6 15. Nc6 Qc7 16. Nxe7+ Qxe7 17. Qh4 Kg7 18. e4 e5 19. Nxd5 Nxd5 20. Bxe7 Nxe7 21. Qxe7 Rfe8 22. Qa3 Bxf1 23. Kxf1 1-0

[Event "45th FIDE Olympiad 2024"]
[Site "Budapest"]
[Date "2024.09.13"]
[Round "3.2"]
[White "So, Wesley"]
[Black "Naiditsch, Arkadij"]
[Result "1-0"]
[ECO "C55"]
[WhiteElo "2752"]
[BlackElo "2643"]
[Annotator "TA"]
[PlyCount "69"]
[EventDate "2024.09.05"]
[EventType "team-tourn"]
[EventCountry "HUN"]
[SourceTitle "playchess.com"]
[Source "ChessBase"]
[SourceQuality "1"]
[WhiteTeam "United States of America"]
[BlackTeam "Bulgaria"]
[BlackTeamCountry "BUL"]
[TimeControl "40/5400+30:1800+30"]

1. e4 e5 2. Nf3 Nc6 3. Bc4 Nf6 4. d3 Be7 5. Nc3 O-O 6. a3 d6 7. Be3 Nd7 8. Ba2 {[%emt 0:11:21] The position is equal.} Nb6 9. Ne2 Be6 10. Bxe6 fxe6 11. h4 d5 12. Ng3 h6 13. Ng1 Kh8 (13... Bxh4 {is more complex.} 14. Qg4 Bxg3 15. Qxg3 Kf7) 14. Qg4 Nd4 $2 {[%emt 0:00:19] [#] This move loses the game for Black.} (14... Qe8 $11) 15. Bxd4 $18 exd4 16. Nf3 $40 {[%emt 0:07:01][%mdl 128] White goes for the king.} (16. Qxe6 $6 Bxh4 17. Nf5 Qf6 18. Qxf6 (18. exd5 $2 Rae8 $19) 18... Bxf6 $11) 16... Bd6 (16... Qe8 $142 17. O-O-O (17. Qxe6 $2 Bb4+ 18. axb4 Qxe6 $19) (17. Nxd4 Bc5 $16) 17... dxe4 18. Nxd4 (18. Qxe4 Bd6 $14) 18... Qd7 19. Nxe6 Bd6) 17. Nh5 (17. Qxe6 Bxg3 18. fxg3 dxe4 19. dxe4 (19. Qxe4 $2 Re8 $19) 19... c5 $14) (17. Nxd4 Rf4 (17... Qf6 18. Nf3 $14) 18. Qxe6 Rf6 $11) (17. e5 Rxf3 18. gxf3 Bxe5 $18) 17... Qd7 18. e5 (18. Nxd4 dxe4 19. dxe4 (19. Qxe6 exd3 20. Qxd7 Nxd7 $14) 19... Be5 $14) 18... Rxf3 19. gxf3 (19. Qxf3 Bxe5 20. Qg4 Bd6 $16) 19... Bxe5 20. f4 Bd6 21. Rg1 Bf8 22. Kf1 {[%emt 0:06:55] Strongly threatening Re1.} Qf7 23. Re1 Re8 24. Qg6 Re7 {[%emt 0:01:01] [#]} 25. f5 $1 Qxg6 26. Rxg6 e5 27. Re6 Rf7 28. R6xe5 ({Weaker is} 28. R1xe5 Bd6 29. Nf4 Kh7 $18) 28... Bd6 29. Re8+ Kh7 30. Ng3 Nd7 31. Ra8 Bxg3 (31... g6 {was worth a try.} 32. fxg6+ (32. Rxa7 gxf5 33. Re6 Nc5 $18) 32... Kxg6 33. h5+ Kg7) 32. fxg3 {[%emt 0:00:05] White is clearly winning.} Rxf5+ 33. Kg2 Nf6 34. Rf8 Kg6 35. Re7 {[%emt 0:01:25] Weighted Error Value: White=0.06 (flawless) /Black=0.29 (precise) .  Loses game:     	---       	Black=1      Mistake:       	---       	Black=2      Inaccurate:     	White=1     	---        OK:         	White=16    	Black=11     Best:        	White=3     	Black=1} 1-0

[Event "45th FIDE Olympiad 2024"]
[Site "Budapest"]
[Date "2024.09.13"]
[Round "3.2"]
[White "Schwarz, Bernhard"]
[Black "Cahaya, Satria Duta"]
[Result "0-1"]
[ECO "B33"]
[WhiteElo "1875"]
[BlackElo "2219"]
[Annotator "RC"]
[PlyCount "85"]
[EventDate "2024.09.05"]
[EventType "team-tourn"]
[EventCountry "HUN"]
[SourceTitle "playchess.com"]
[Source "ChessBase"]
[SourceQuality "1"]
[WhiteTeam "Namibia"]
[BlackTeam "Indonesia"]
[WhiteTeamCountry "NAM"]
[BlackTeamCountry "INA"]
[TimeControl "40/5400+30:1800+30"]

1. e4 c5 2. Nf3 Nc6 3. d4 cxd4 4. Nxd4 Nf6 5. Nc3 e5 6. Ndb5 d6 7. Bg5 a6 8. Na3 b5 9. Nab1 Be7 10. Bxf6 Bxf6 11. a4 b4 12. Nd5 Bg5 13. Bc4 O-O 14. O-O Kh8 15. c3 bxc3 16. Nbxc3 Qa5 17. Qd3 Qc5 18. Rab1 a5 19. Nb5 Be6 20. b3 Rad8 21. Rbd1 Bg4 22. Rde1 Bc8 23. Kh1 f5 24. Nbc3 Nd4 25. f3 g6 26. f4 exf4 27. Nxf4 Bf6 28. Ncd5 Be5 29. Ne7 Bxf4 30. Rxf4 Qe5 31. Nd5 Ne6 32. Rff1 Nc5 33. Qd2 Nxe4 34. Qxa5 Qd4 35. Rxe4 fxe4 36. Qc3 Qxc3 37. Nxc3 Rxf1+ 38. Bxf1 d5 39. Nd1 d4 40. Bc4 e3 41. Kg1 Be6 42. Bxe6 e2 43. Bc4 0-1

[Event "45th FIDE Olympiad 2024"]
[Site "Budapest"]
[Date "2024.09.13"]
[Round "3.3"]
[White "Petrov, Martin"]
[Black "Aronian, Levon"]
[Result "0-1"]
[ECO "C54"]
[WhiteElo "2536"]
[BlackElo "2729"]
[Annotator "TA"]
[PlyCount "68"]
[EventDate "2024.09.05"]
[EventType "team-tourn"]
[EventCountry "HUN"]
[SourceTitle "playchess.com"]
[Source "ChessBase"]
[SourceQuality "1"]
[WhiteTeam "Bulgaria"]
[BlackTeam "United States of America"]
[WhiteTeamCountry "BUL"]
[TimeControl "40/5400+30:1800+30"]

1. e4 e5 2. Nf3 Nc6 3. Bc4 Bc5 4. O-O Nf6 5. d3 d6 6. c3 a5 7. Bg5 h6 8. Bh4 Qe7 {[%emt 0:02:40] The position is equal.} 9. d4 Ba7 10. Nbd2 O-O 11. Re1 exd4 12. e5 dxe5 13. Ne4 {[%emt 0:01:00] [#] aiming for Nxf6+.} dxc3 14. Bxf6 (14. Nxf6+ $1 $11 gxf6 15. bxc3) 14... gxf6 $17 15. Nh4 f5 16. Qh5 Kg7 {[%emt 0:00:23] Inhibits Qg6+.} (16... fxe4 $6 17. Qg6+ Kh8 18. Qxh6+ Kg8 19. Ng6 $11 (19. bxc3 $2 Rd8 $19)) 17. Ng3 {[%emt 0:18:52] White does not recover from this.} (17. Nxf5+ $17 {was forced.} Bxf5 18. Qxf5) 17... Qg5 $19 18. Nhxf5+ Bxf5 19. Nxf5+ Kf6 20. Qxh6+ Qxh6 21. Nxh6 cxb2 22. Rab1 Bd4 23. Ng4+ Kg5 24. Ne3 a4 25. a3 Na5 {[%emt 0:02:24] [#] ...Bxe3 is the strong threat.} 26. h4+ Kf6 {[%emt 0:00:55] Hoping for ...Bxe3.} 27. Ba2 (27. Be2 $142) 27... Nb3 28. Nc2 c5 {[%emt 0:01:33] Black is clearly winning.} 29. Nxd4 exd4 (29... cxd4 30. Rxb2 Nc5 31. Rb6+ Ne6 32. f4 $11 (32. Rxb7 Rfb8 $14)) 30. Rxb2 Rfe8 31. Rd1 c4 {[%emt 0:00:13] Threatens to win with ...d3.} 32. Rc2 b5 33. Kf1 d3 34. Rc3 Re2 {[%emt 0:00:11] Weighted Error Value: White=0.48/Black=0.03 (flawless) .  Mistake:       	White=3     	---        Inaccurate:     	White=2     	Black=1      OK:         	White=12    	Black=14     Best:        	White=1     	Black=2} 0-1

[Event "45th FIDE Olympiad 2024"]
[Site "Budapest"]
[Date "2024.09.13"]
[Round "3.3"]
[White "Ulhaq, Zacky Dhia"]
[Black "Khoa, Goodwill"]
[Result "1-0"]
[ECO "E91"]
[WhiteElo "2203"]
[BlackElo "1890"]
[Annotator "RC"]
[PlyCount "63"]
[EventDate "2024.09.05"]
[EventType "team-tourn"]
[EventCountry "HUN"]
[SourceTitle "playchess.com"]
[Source "ChessBase"]
[SourceQuality "1"]
[WhiteTeam "Indonesia"]
[BlackTeam "Namibia"]
[WhiteTeamCountry "INA"]
[BlackTeamCountry "NAM"]
[TimeControl "40/5400+30:1800+30"]

1. d4 Nf6 2. c4 g6 3. Nc3 Bg7 4. e4 d6 5. Nf3 O-O 6. Be2 Bg4 7. Be3 Nbd7 8. O-O c5 9. d5 Qb6 10. Qc2 Rab8 11. h3 Bxf3 12. Bxf3 h5 13. Be2 Rfe8 14. g4 hxg4 15. hxg4 Ne5 16. g5 Nh7 17. f4 Nd7 18. Bg4 Ndf8 19. f5 Bd4 20. Qd2 Qb4 21. Be2 Bxe3+ 22. Qxe3 Qxb2 23. Rab1 Qa3 24. Rb3 Qa5 25. Qf4 Qd8 26. fxg6 fxg6 27. e5 dxe5 28. Qf7+ Kh8 29. Ne4 b6 30. Rh3 Qd7 31. Kg2 e6 32. Rxh7+ 1-0

[Event "45th FIDE Olympiad 2024"]
[Site "Budapest"]
[Date "2024.09.13"]
[Round "3.4"]
[White "Robson, Ray"]
[Black "Petkov, Momchil"]
[Result "1/2-1/2"]
[ECO "B66"]
[WhiteElo "2700"]
[BlackElo "2540"]
[Annotator "TA"]
[PlyCount "71"]
[EventDate "2024.09.05"]
[EventType "team-tourn"]
[EventCountry "HUN"]
[SourceTitle "playchess.com"]
[Source "ChessBase"]
[SourceQuality "1"]
[WhiteTeam "United States of America"]
[BlackTeam "Bulgaria"]
[BlackTeamCountry "BUL"]
[TimeControl "40/5400+30:1800+30"]

1. e4 c5 2. Nf3 d6 3. d4 cxd4 4. Nxd4 Nf6 5. Nc3 Nc6 6. Bg5 e6 7. Qd2 Be7 8. O-O-O a6 9. Bxf6 gxf6 10. f4 Nxd4 11. Qxd4 Qa5 {[%emt 0:00:32] White is slightly better.} 12. Bc4 Qc5 13. Qd3 Bd7 14. Bb3 b5 {[%emt 0:01:27] [#]} 15. f5 $1 a5 {[%emt 0:04:10] aiming for ...a4.} 16. fxe6 fxe6 {[%emt 0:00:16] [#] White must now prevent ...a4. The position is equal.} 17. e5 $1 fxe5 18. Ne4 Qc6 ({Avoid the trap} 18... Qd4 $2 19. Qf3 Rf8 20. Qh5+ Kd8 21. Rxd4 $18) 19. Nxd6+ Bxd6 20. Qxd6 Qxd6 21. Rxd6 {[%emt 0:00:07][%cal Oh1d1] Hoping for Rhd1!} Ke7 22. Rhd1 Ra7 {[%emt 0:01:26] ...a4 would now be deadly.} 23. a3 Rg8 24. g3 Rf8 25. R6d2 Bc6 26. Re1 e4 27. c3 b4 28. Bc2 bxc3 29. bxc3 (29. Rde2 {looks sharper.} cxb2+ 30. Kb1 Rb7 31. Bxe4 Bxe4+ 32. Rxe4 Rb6 33. Re5) 29... Rf3 30. Bxe4 Bxe4 31. Rxe4 Rxc3+ $11 {[%emt 0:00:10] KRR-KRR} 32. Kb2 Rc5 33. Kb3 Rd7 34. Rde2 Rd6 35. Ka4 h5 36. Rf4 {[%emt 0:04:29] Weighted Error Value: White=0.03 (flawless) /Black=0.00 (flawless) .  Inaccurate:     	White=1     	---        OK:         	White=10    	Black=17     Best:        	White=1     	Black=1      Brilliant:      	White=1     	---} 1/2-1/2

[Event "45th FIDE Olympiad 2024"]
[Site "Budapest"]
[Date "2024.09.13"]
[Round "3.4"]
[White "Nitzborn, Max Baron"]
[Black "Kristopher, Reynard"]
[Result "0-1"]
[ECO "D01"]
[WhiteElo "1800"]
[BlackElo "2114"]
[Annotator "NA RC"]
[PlyCount "74"]
[EventDate "2024.09.05"]
[EventType "team-tourn"]
[EventCountry "HUN"]
[SourceTitle "playchess.com"]
[Source "ChessBase"]
[SourceQuality "1"]
[WhiteTeam "Namibia"]
[BlackTeam "Indonesia"]
[WhiteTeamCountry "NAM"]
[BlackTeamCountry "INA"]
[TimeControl "40/5400+30:1800+30"]

1. d4 d5 2. Nc3 Nf6 3. Bg5 Nbd7 4. f3 c5 5. Bxf6 Nxf6 6. e4 dxe4 7. d5 e6 8. fxe4 exd5 9. exd5 Bd6 10. Bb5+ Bd7 11. Qe2+ Qe7 12. O-O-O Qxe2 13. Ngxe2 a6 14. Bxd7+ Kxd7 15. Rhf1 h5 16. h4 Rae8 17. Rf3 b5 18. Ng3 Bxg3 19. Rxg3 Ng4 20. Rf1 f6 21. Kd2 Kd6 22. a3 Re5 23. b4 Rc8 24. Re1 Rxe1 25. Kxe1 cxb4 26. axb4 Rc4 27. Kd2 Rxb4 28. Rd3 Ne5 29. Rg3 g6 30. Rh3 Rg4 31. Rh2 b4 32. Nd1 Rd4+ 33. Ke2 Rxd1 34. Kxd1 Ng4 35. Rh3 Nf2+ 36. Kc1 Nxh3 37. gxh3 Kxd5 0-1

[Event "45th FIDE Olympiad 2024"]
[Site "Budapest"]
[Date "2024.09.13"]
[Round "3.5"]
[White "Dragnev, Valentin"]
[Black "Rapport, Richard"]
[Result "1/2-1/2"]
[ECO "B31"]
[WhiteElo "2556"]
[BlackElo "2715"]
[Annotator "TA"]
[PlyCount "148"]
[EventDate "2024.09.05"]
[EventType "team-tourn"]
[EventCountry "HUN"]
[SourceTitle "playchess.com"]
[Source "ChessBase"]
[SourceQuality "1"]
[WhiteTeam "Austria"]
[BlackTeam "Hungary"]
[WhiteTeamCountry "AUT"]
[BlackTeamCountry "HUN"]
[TimeControl "40/5400+30:1800+30"]

1. e4 c5 2. Nf3 Nc6 3. Bb5 g6 4. O-O Bg7 5. Re1 e5 6. Bxc6 dxc6 7. d3 Qe7 8. a4 Nf6 9. a5 O-O 10. Na3 b5 11. axb6 axb6 12. Bg5 h6 13. Bxf6 Bxf6 14. Nc4 Rb8 15. Qd2 Bg7 16. h3 b5 17. Na5 Bd7 18. Nb3 Be6 19. Qc3 c4 20. Na5 Rbc8 21. dxc4 f5 22. Qe3 f4 23. Qb6 Qe8 24. Qc5 g5 25. Nb7 Rc7 26. Nd6 Qe7 27. Nxe5 Bxh3 28. Ng6 Qe6 29. Nf5 Qxg6 30. gxh3 Rff7 31. Ra8+ Kh7 32. Nd6 Bf8 33. e5 g4 34. h4 g3 35. Qd4 gxf2+ 36. Kxf2 Qg3+ 37. Ke2 Bxd6 38. Qe4+ Kg7 39. exd6 f3+ 40. Kd1 f2 (40... Qxd6+ $15 41. Kc1 Qf4+ 42. Qxf4 Rxf4 43. cxb5 cxb5 (43... Rxh4 44. Rg1+ Kh7 45. b6 $11) (43... f2 44. Rf1 $15)) 41. Rf1 $11 Qxd6+ 42. Kc1 $1 Qf4+ 43. Qxf4 Rxf4 44. cxb5 cxb5 (44... Rxh4 45. bxc6 (45. Rxf2 cxb5 46. Rb8 Rh5 $11) 45... Rf4 46. Ra6 $17) 45. Ra3 Kf6 (45... Rxh4 $2 46. Rg3+ (46. Rxf2 Rh1+ 47. Kd2 Rd7+ 48. Rd3 Rxd3+ 49. Kxd3 Rd1+ 50. Ke2 Rc1 $11) 46... Kh7 47. Rxf2 $17) 46. Re3 Rf7 (46... Rxh4 47. Rxf2+ Kg7 48. Re5) 47. Kd2 Kf5 (47... Rxh4 48. Rxf2+ Kg7 49. Rg2+ Kh7 50. Kc3 $11) 48. Rg3 $1 b4 (48... Rxh4 49. Rxf2+ Rf4 50. Rh2) 49. Ke2 Ke5 (49... Rxh4 $2 50. Rxf2+ Ke6 51. Re3+ Kd6 52. Rxf7 $18) 50. Re3+ Kd5 51. h5 R7f5 52. Rd3+ Kc6 53. c3 b3 (53... Rxh5 54. Rxf2 Rxf2+ 55. Kxf2) 54. c4 Rxh5 (54... Rxc4 55. Rxb3 Re4+ (55... Rxh5 56. Kxf2 Rf4+ 57. Rf3 $11) 56. Re3) 55. Rxb3 Rhf5 (55... Rxc4 56. Rxf2 Rc2+ 57. Kf1 Rh1+ 58. Kg2) 56. Rb5 Rf6 57. Ra5 Rf8 (57... Rxc4 $2 {loses.} 58. Ra6+ (58. Rxf2 $2 {perishes.} Rc2+ 59. Kd1 Rcxf2 $19) 58... Kd5 59. Rxf6 $18) 58. Rh5 R4f6 59. Re5 Rb8 60. Rb5 Re6+ 61. Kd2 Rd6+ 62. Kc2 Rf8 63. Ra5 Rd4 64. b3 Rh4 65. Re5 h5 66. Kd2 Rh2 67. Ke2 h4 68. Re3 h3 69. b4 Rh8 70. Rf3 Re8+ 71. Kd2 Ra8 72. Ke3 Re8+ 73. Kd2 Rh8 74. Ke2 Re8+ 1/2-1/2

[Event "45th FIDE Olympiad 2024"]
[Site "Budapest"]
[Date "2024.09.13"]
[Round "3.5"]
[White "Giasi, Viresh"]
[Black "Laohawirapap, Prin"]
[Result "0-1"]
[ECO "A48"]
[WhiteElo "1998"]
[BlackElo "2380"]
[Annotator "RC"]
[PlyCount "56"]
[EventDate "2024.09.05"]
[EventType "team-tourn"]
[EventCountry "HUN"]
[SourceTitle "playchess.com"]
[Source "ChessBase"]
[SourceQuality "1"]
[WhiteTeam "Suriname"]
[BlackTeam "Thailand"]
[WhiteTeamCountry "SUR"]
[BlackTeamCountry "THA"]
[TimeControl "40/5400+30:1800+30"]

1. d4 Nf6 2. Nf3 g6 3. h3 Bg7 4. Bf4 O-O 5. e3 d6 6. Be2 Nc6 7. O-O e5 8. Bh2 Qe7 9. a3 Ne4 10. Bb5 Kh8 11. Bxc6 bxc6 12. Nbd2 Nxd2 13. Qxd2 e4 14. Ne1 Ba6 15. c3 Rab8 16. b4 Bxf1 17. Kxf1 f5 18. Qa2 g5 19. Qc4 Rb6 20. Nc2 f4 21. a4 d5 22. Qa2 Rf5 23. h4 h6 24. hxg5 hxg5 25. Ke2 Qf7 26. g4 Rf6 27. exf4 Rh6 28. Bg1 gxf4 0-1

[Event "45th FIDE Olympiad 2024"]
[Site "Budapest"]
[Date "2024.09.13"]
[Round "3.6"]
[White "Leko, Peter"]
[Black "Ragger, Markus"]
[Result "1/2-1/2"]
[ECO "C77"]
[WhiteElo "2666"]
[BlackElo "2601"]
[Annotator "TA"]
[PlyCount "52"]
[EventDate "2024.09.05"]
[EventType "team-tourn"]
[EventCountry "HUN"]
[SourceTitle "playchess.com"]
[Source "ChessBase"]
[SourceQuality "1"]
[WhiteTeam "Hungary"]
[BlackTeam "Austria"]
[WhiteTeamCountry "HUN"]
[BlackTeamCountry "AUT"]
[TimeControl "40/5400+30:1800+30"]

1. e4 e5 2. Nf3 Nc6 3. Bb5 a6 4. Ba4 Nf6 5. O-O Be7 6. d3 b5 7. Bb3 d6 8. a3 O-O 9. Nc3 Na5 10. Ba2 Be6 11. b4 Bxa2 12. Rxa2 Nc6 13. Bg5 h6 14. Bxf6 Bxf6 15. Nd5 Nd4 16. c4 Ne6 17. cxb5 axb5 18. Qc2 Ra6 19. a4 c6 20. Ne3 Bg5 21. a5 Qd7 22. Qb3 Rfa8 23. Nc2 {[%emt 0:02:01] The position is equal.} Nf4 24. Ne3 Ne6 25. Nc2 Nf4 26. Ne3 Ne6 {[%emt 0:07:54] Weighted Error Value: White=0.11 (very precise) /Black=0.12 (very precise) .  Inaccurate:     	White=2     	Black=1      OK:         	White=8     	Black=7} 1/2-1/2

[Event "45th FIDE Olympiad 2024"]
[Site "Budapest"]
[Date "2024.09.13"]
[Round "3.6"]
[White "Kulpruethanon, Thanadon"]
[Black "Yeung, Jason"]
[Result "1-0"]
[ECO "E04"]
[WhiteElo "2286"]
[BlackElo "1993"]
[Annotator "RC"]
[PlyCount "49"]
[EventDate "2024.09.05"]
[EventType "team-tourn"]
[EventCountry "HUN"]
[SourceTitle "playchess.com"]
[Source "ChessBase"]
[SourceQuality "1"]
[WhiteTeam "Thailand"]
[BlackTeam "Suriname"]
[WhiteTeamCountry "THA"]
[BlackTeamCountry "SUR"]
[TimeControl "40/5400+30:1800+30"]

1. d4 Nf6 2. c4 e6 3. Nf3 d5 4. g3 dxc4 5. Bg2 Nc6 6. Qa4 Bb4+ 7. Bd2 Nd5 8. Bxb4 Ndxb4 9. O-O Rb8 10. Nc3 a6 11. Ne5 O-O 12. Nxc6 bxc6 13. a3 Nd5 14. Qxc4 Rxb2 15. Rfb1 Rd2 16. e3 Nb6 17. Qf1 f5 18. Qc1 Rd3 19. Qc2 Rxc3 20. Qxc3 Bd7 21. Bxc6 Qe8 22. Bg2 Qb8 23. Rc1 c6 24. Rab1 Qc7 25. Qa5 1-0

[Event "45th FIDE Olympiad 2024"]
[Site "Budapest"]
[Date "2024.09.13"]
[Round "3.7"]
[White "Horvath, Dominik"]
[Black "Sjugirov, Sanan"]
[Result "1/2-1/2"]
[ECO "C13"]
[WhiteElo "2559"]
[BlackElo "2644"]
[Annotator "TA"]
[PlyCount "176"]
[EventDate "2024.09.05"]
[EventType "team-tourn"]
[EventCountry "HUN"]
[SourceTitle "playchess.com"]
[Source "ChessBase"]
[SourceQuality "1"]
[WhiteTeam "Austria"]
[BlackTeam "Hungary"]
[WhiteTeamCountry "AUT"]
[BlackTeamCountry "HUN"]
[TimeControl "40/5400+30:1800+30"]

1. e4 e6 2. d4 d5 3. Nc3 Nf6 4. Bg5 dxe4 5. Nxe4 Be7 6. Nxf6+ Bxf6 7. Bxf6 Qxf6 8. Nf3 O-O 9. Qd2 Rd8 10. Bd3 Nc6 11. O-O-O g6 12. Qh6 Nxd4 13. Ng5 Qg7 14. Qh4 {[%emt 0:00:04][%cal Og5h7] [#] And now Nxh7! would win.} Nc6 15. g4 {[%emt 0:26:23][%mdl 1024] White has compensation.} b6 16. f4 (16. Ne4 $5) 16... Bb7 $1 17. Be4 Rd6 18. Bg2 Kh8 19. Ne4 Nd4 (19... Na5 $5) 20. Nxd6 Bxg2 21. Rhe1 $1 ({Wrong is} 21. Rxd4 $2 Qxd4 (21... Bxh1 22. Nb5 $15) 22. Nxf7+ Kg8 $19 (22... Kg7 23. Ng5 $15)) 21... cxd6 22. Qf2 $1 Nxc2 $1 23. Qxc2 Bf3 24. Rxd6 {[%emt 0:00:43] Hoping for Qc7.} Bxg4 25. Re3 Qf6 (25... Kg8 $11) 26. Qc3 $14 {[%emt 0:00:11] White is more active.} Kg7 {[%emt 0:00:16] Black is weak on the dark squares} 27. Kd2 (27. Qxf6+ {simplifies} Kxf6 28. Rd7 Kg7 29. Rc7) 27... h6 28. h4 (28. Qxf6+ {simplifies} Kxf6 29. Ra3 Ke7 30. Rd4) 28... Bf5 29. b4 (29. Qxf6+ {simplifies} Kxf6 30. Rc3 g5 31. fxg5+ hxg5 32. hxg5+ Kxg5 33. Rc7) 29... Rh8 30. Rg3 (30. Qxf6+ $16 Kxf6 31. Rd7) 30... Qxc3+ $11 {[%emt 0:00:17] The position is equal.} 31. Rxc3 {[%emt 0:00:06][%mdl 4096] Endgame. KRR-KRB} g5 $1 32. hxg5 hxg5 33. fxg5 Rh2+ 34. Ke3 Rxa2 35. Rc7 Ra4 36. Rd4 a5 37. Rb7 axb4 38. Rxb6 Ra1 39. Rbxb4 Rg1 40. Rd2 Rg3+ 41. Kf2 Rxg5 42. Rb6 Kf6 43. Ke3 Rg3+ 44. Kd4 Rg4+ 45. Ke3 Kg5 46. Rd7 Bg6 47. Re7 Re4+ 48. Kf3 Re5 49. Kf2 Bh5 50. Rc6 Re2+ 51. Kf1 Re4 52. Kf2 e5 53. Kg3 Kf5 54. Rc2 Kg5 55. Rc6 Re3+ 56. Kf2 Re2+ 57. Kg3 $1 Kf5 58. Rc1 Kg5 59. Rc6 f6 60. Rb6 Re3+ 61. Kf2 Re4 62. Rg7+ Kf5 63. Rg8 Rf4+ 64. Kg3 Bf7 65. Rf8 Kg6 66. Rd8 Kg5 67. Rd7 Bg6 68. Re7 Be4 69. Rg7+ Kf5 70. Rf7 Rg4+ 71. Kf2 Rg6 72. Rf8 Rh6 73. Kg3 Bd5 74. Rd6 Be6 75. Re8 Bc4 76. Rf8 Rg6+ 77. Kf2 Bb5 78. Rb6 Bd3 79. Ke3 Bc4 80. Kf2 Bd5 81. Rd6 Bh1 82. Rb6 Rh6 83. Kg3 Be4 84. Rd6 Kg5 85. Rb6 Bf5 86. Kf2 Bg4 87. Rg8+ Kf5 88. Rf8 Rg6 {[%emt 0:01:07] Weighted Error Value: White=0.07 (flawless) /Black=0.06 (flawless) .  Mistake:       	White=1     	Black=1      Inaccurate:     	White=3     	Black=3      OK:         	White=26    	Black=27     Best:        	White=3     	Black=4      Strong:       	White=2     	Black=3} 1/2-1/2

[Event "45th FIDE Olympiad 2024"]
[Site "Budapest"]
[Date "2024.09.13"]
[Round "3.7"]
[White "Kalidjo, Imaan"]
[Black "Bodemar, Jonathan"]
[Result "0-1"]
[ECO "C11"]
[WhiteElo "1934"]
[BlackElo "2195"]
[Annotator "RC"]
[PlyCount "64"]
[EventDate "2024.09.05"]
[EventType "team-tourn"]
[EventCountry "HUN"]
[SourceTitle "playchess.com"]
[Source "ChessBase"]
[SourceQuality "1"]
[WhiteTeam "Suriname"]
[BlackTeam "Thailand"]
[WhiteTeamCountry "SUR"]
[BlackTeamCountry "THA"]
[TimeControl "40/5400+30:1800+30"]

1. e4 e6 2. d4 d5 3. Nc3 Nf6 4. e5 Nfd7 5. f4 c5 6. Nf3 Nc6 7. Be3 Be7 8. Be2 O-O 9. Qd2 b6 10. O-O-O c4 11. g4 b5 12. f5 Qa5 13. Bg5 b4 14. Nb1 Qxa2 15. f6 Nxf6 16. exf6 gxf6 17. Bf4 Ba6 18. Qe3 c3 19. bxc3 Bxe2 20. Qxe2 bxc3 21. Nxc3 Qa3+ 22. Kd2 Bb4 23. Ke1 Qxc3+ 24. Kf2 Rfe8 25. Rd3 Qc4 26. h4 e5 27. Bxe5 fxe5 28. Qe3 Bf8 29. Qg5+ Bg7 30. h5 h6 31. Qf5 Qxc2+ 32. Kg3 Ne7 0-1